 Dungeon Crawl Stone Soup version 0.21-a0-2-ge494091 (webtiles) character file.

963 glosham the Insei (level 8, 0/67 HPs)
             Began as a Gnoll Abyssal Knight on May 21, 2017.
             Was a Priest of Lugonu.
             Slain by a two-headed ogre
             ... wielding a +0 giant club
              (20 damage)
             ... on level 5 of the Dungeon.
             The game lasted 01:01:22 (3446 turns).

glosham the Insei (Gnoll Abyssal Knight)            Turns: 3446, Time: 01:01:23

Health: 0/67       AC:  6    Str: 11    XL:     8   Next: 15%
Magic:  12/12      EV: 15    Int: 14    God:    Lugonu [***...]
Gold:   282        SH:  0    Dex: 14    Spells: 7/7 levels left

rFire    + + .     SeeInvis .     - Unarmed
rCold    . . .     Gourm    .   (no shield)
rNeg     . . .     Faith    .   X - +3 leather armour {rF+}
rPois    +         Spirit   .   (no helmet)
rElec    .         Reflect  .   (no cloak)
rCorr    .         Harm     .   (no gloves)
MR       .....                  (no boots)
Stlth    +++.......             (no amulet)
Regen    0.3/turn               A - ring of poison resistance
MPRegen  0.2/turn               B - ring of protection from fire

@: no status effects
A: short attention span, fangs 1, strong nose
a: Depart the Abyss, Bend Space, Banish, Renounce Religion


You were on level 5 of the Dungeon.
You worshipped Lugonu.
Lugonu was most pleased with you.
You were not hungry.

You visited 1 branch of the dungeon, and saw 5 of its levels.
You visited the Abyss 1 time.

You collected 282 gold pieces.

Inventory:

Hand Weapons
 b - a +2 glaive of protection
 i - a +0 shortbow
 j - a +0 shortbow
Missiles
 e - 18 stones (quivered)
 k - a throwing net
 n - 124 arrows
 r - 39 bolts
 u - 105 sling bullets
 x - 32 poisoned needles
 y - 7 needles of sleeping
Armour
 C - a +0 plate armour of cold resistance
 X - a +3 leather armour of fire resistance (worn)
Jewellery
 A - a ring of poison resistance (left hand)
 B - a ring of protection from fire (right hand)
 F - an uncursed ring of flight
Scrolls
 c - 2 scrolls of enchant weapon
 d - 4 scrolls of remove curse
 l - 2 scrolls of identify
 s - 3 scrolls of teleportation
 G - a scroll of blinking
Potions
 o - 2 potions of lignification
 p - a potion of curing
 q - a potion of flight
 t - 2 potions of heal wounds
 z - 2 potions of might
 D - a potion of agility
Books
 g - a book of the Dragon

   Spells                             Type                      Level
   a - Flame Tongue                   Conjuration/Fire             1
   b - Cause Fear                     Hexes                        4
   c - Bolt of Fire                   Conjuration/Fire             6
   d - Dragon Form                    Transmutation                7
   e - Dragon's Call                  Summoning                    9
Comestibles
 a - 3 bread rations
 f - a royal jelly
 h - 3 fruits
 m - a chunk of flesh
 E - 3 meat rations


   Skills:
 - Level 7.0 Fighting
 - Level 3.2 Armour
 * Level 6.0 Dodging
 - Level 6.0 Stealth
 - Level 7.5 Unarmed Combat
 * Level 6.5 Invocations


You had 7 spell levels left.
You didn't know any spells.

Dungeon Overview and Level Annotations

Branches:
Dungeon (5/15)
 Temple: D:4-7

Altars:
Fedhas
Hepliaklqana
Kikubaaqudgha
Trog
Uskayaw
Wu Jian
The Shining One


Innate Abilities, Weirdness & Mutations

You have a short attention span.
You have very sharp teeth.
Your uncanny sense of smell can sniff out nearby items.


Message History

You throw a stone.
The stone closely misses the two-headed ogre.
Okay, then.
Throwing (i - inventory. (,) - cycle):
e - 19 stones (quivered)
Press: ? - help, Shift-Dir - straight line, f/p - two-headed ogre
Aim: a two-headed ogre, wielding a giant club and a dire flail You throw a stone.
The stone hits the two-headed ogre but does no damage.
You punch the two-headed ogre!
The two-headed ogre is lightly wounded.
The two-headed ogre misses you. The two-headed ogre closely misses you.
You hit the two-headed ogre.
The two-headed ogre is moderately wounded.
The two-headed ogre misses you. The two-headed ogre closely misses you.
You hit the two-headed ogre but do no damage.
You bite the two-headed ogre, but do no damage.
The two-headed ogre is moderately wounded.
The two-headed ogre hits you with a giant club.
The two-headed ogre closely misses you.
You punch the two-headed ogre!
The two-headed ogre is heavily wounded.
You punch the two-headed ogre!
The two-headed ogre is heavily wounded.
The two-headed ogre hits you but does no damage.
The two-headed ogre hits you with a dire flail!
You punch the two-headed ogre!
You punch the two-headed ogre, but do no damage.
The two-headed ogre is severely wounded.
The two-headed ogre closely misses you.
The two-headed ogre hits you with a dire flail.
You punch the two-headed ogre!
The two-headed ogre is almost dead.
You hit the two-headed ogre but do no damage.
The two-headed ogre is almost dead.
The two-headed ogre hits you with a giant club!!
The two-headed ogre closely misses you.
You hit the two-headed ogre.
The two-headed ogre is almost dead.
The two-headed ogre hits you with a giant club!!
You die...

#.=#.#
.(#.#
.(#.###
.(....#
##...?.#
∆
.(.$..#
#O....#
#@....#
#.....#
#<....#
#######


You could see a two-headed ogre.

Vanquished Creatures
  A fire bat (Abyss:2)
  An ogre (D:4)
  A centaur (D:4)
  A scorpion (D:4)
  2 vampire bats (D:2)
  3 hounds (D:4)
  A gnoll shaman (D:4)
  An orc priest (D:3)
  An orc wizard (D:3)
  2 worker ants
  Terence (D:2)
  12 gnolls
  5 adders
  An ooze (D:3)
  An adder zombie (D:5)
  4 worms
  A leopard gecko (D:1)
  3 orcs
  12 bats
  2 bat skeletons (D:2)
  3 bat zombies (D:2)
  4 giant cockroaches
  13 hobgoblins
  10 jackals
  9 kobolds
  A quokka (D:2)
  3 frilled lizards
  10 goblins
  7 rats
  2 fungi (D:4)
118 creatures vanquished.

Vanquished Creatures (others)
  6 starspawn tentacles (Abyss:1)
6 creatures vanquished.

Grand Total: 124 creatures vanquished

Notes
Turn   | Place    | Note
-------+----------+-------------------------------------------
     0 | Abyss:1  | glosham the Gnoll Abyssal Knight began the quest for the Orb.
     0 | Abyss:1  | Reached XP level 1. HP: 20/20 MP: 3/3
    76 | Abyss:1  | Noticed a thrashing horror
    85 | Abyss:1  | Noticed a tentacled starspawn
   103 | Abyss:1  | Noticed a small abomination
   108 | Abyss:1  | Noticed an ancient zyme
   138 | Abyss:2  | Noticed a fire bat
   138 | Abyss:2  | Noticed a fire bat
   138 | Abyss:2  | Noticed a fire bat
   141 | Abyss:2  | Killed a fire bat
   141 | Abyss:2  | Reached skill level 7 in Unarmed Combat
   141 | Abyss:2  | Reached XP level 2. HP: 9/26 MP: 4/4
   141 | Abyss:2  | Reached XP level 3. HP: 11/32 MP: 5/5
   141 | Abyss:2  | Reached XP level 4. HP: 14/38 MP: 6/6
   141 | Abyss:2  | Reached XP level 5. HP: 16/43 MP: 7/7
   141 | Abyss:2  | HP: 2/43 [fire bat (9)]
   142 | D:1      | Escaped the Abyss
   277 | D:1      | Reached * piety under Lugonu
   464 | D:1      | Reached skill level 2 in Dodging
   488 | D:1      | Reached skill level 1 in Stealth
   902 | D:2      | Reached skill level 2 in Stealth
   957 | D:2      | Reached ** piety under Lugonu
   957 | D:2      | Reached skill level 3 in Stealth
  1014 | D:2      | Found a faded altar of an unknown god.
  1026 | D:2      | Reached XP level 6. HP: 38/50 MP: 8/8
  1085 | D:2      | Reached skill level 5 in Fighting
  1405 | D:2      | Reached skill level 3 in Dodging
  1418 | D:2      | Reached skill level 4 in Invocations
  1423 | D:2      | Noticed Terence
  1437 | D:2      | Killed Terence
  1536 | D:2      | Found an ancient bone altar of Kikubaaqudgha.
  1551 | D:2      | Reached skill level 4 in Stealth
  1938 | D:3      | Found a bloodstained altar of Trog.
  2027 | D:3      | Reached XP level 7. HP: 57/57 MP: 10/10
  2309 | D:3      | Reached skill level 6 in Fighting
  2322 | D:3      | Reached skill level 4 in Dodging
  2388 | D:3      | Reached skill level 5 in Invocations
  2478 | D:3      | Reached *** piety under Lugonu
  2590 | D:3      | Reached skill level 5 in Stealth
  2663 | D:4      | Found a blossoming altar of Fedhas.
  2715 | D:4      | Reached skill level 5 in Dodging
  2891 | D:4      | Found an ornate altar of the Wu Jian Council.
  3025 | D:4      | Reached skill level 6 in Invocations
  3030 | D:4      | Found a hide-covered altar of Uskayaw.
  3041 | D:4      | Found a glowing golden altar of the Shining One.
  3055 | D:4      | Reached XP level 8. HP: 47/65 MP: 12/12
  3301 | D:4      | Reached skill level 7 in Fighting
  3301 | D:4      | Reached skill level 6 in Dodging
  3301 | D:4      | Reached skill level 6 in Stealth
  3393 | D:4      | Found a hazy altar of Hepliaklqana.
  3421 | D:5      | Entered Level 5 of the Dungeon
  3432 | D:5      | Noticed a two-headed ogre
  3446 | D:5      | Slain by a two-headed ogre

Vault maps used:
D:1:      evilmike_arrival_run_for_it, st_stairs_13
D:2:      kennysheep_vampire_church, chequers_ecumenical_altar_simple,
          kennysheep_generic_room_15, uniq_terence
D:3:      mrwooster_statue_mirror, minmay_misc_feat_room, grunt_ministairs_10,
          lemuel_tele_altar
D:4:      marbit_many_paths, fedhas_altar_3, nicolae_overflow_hidden_temple,
          minitemple, first_bread
D:5:      serial_shops, nicolae_shop_stone, shop, shop, shop, shop

Skill      XL: |  1  2  3  4  5  6  7  8 |
---------------+-------------------------+-----
Unarmed Combat | 7 |  7.5
Dodging        | 2 3 5 6 |  6.0
Stealth        | 3 4 5 6 |  6.0
Fighting       | 5 6 7 |  7.0
Invocations    | 4 6 |  6.5
Armour         | |  3.2

Action                   |  1- 3 |  4- 6 |  7- 9 || total
-------------------------+-------+-------+-------++-------
Melee: Unarmed           |     2 |   293 |   171 ||   466
       Bite              |     2 |    24 |    19 ||    45
       Punch             |       |     3 |     8 ||    11
Throw: Stone             |       |    31 |    29 ||    60
Invok: Depart the Abyss  |       |     1 |       ||     1
  Use: Scroll            |     3 |     9 |     5 ||    17
       Potion            |     1 |       |       ||     1
 Stab: Sleeping          |       |     1 |     1 ||     2
  Eat: Chunk             |       |     4 |     5 ||     9
Armor: Ring mail         |       |    48 |    12 ||    60
       Leather armour    |       |     8 |     4 ||    12
Dodge: Dodged            |     2 |   117 |    75 ||   194

Table legend:
 A = Turns spent in this place as a percentage of turns spent in the entire game.
 B = Non-inter-level travel turns spent in this place as a percentage of non-inter-level travel turns spent in the entire game.
 C = Inter-level travel turns spent in this place as a percentage of turns spent in this place.
 D = Turns resting spent in this place as a percentage of non-inter-level travel turns spent in this place.
 E = Turns spent auto-exploring this place as a percentage of non-inter-level travel turns spent in this place.
 F = Non-inter-level travel turns spent in this place divided by the number of levels of this place that you've seen.
                   A       B       C       D       E      F
               +-------+-------+-------+-------+-------+----------------------
         Total | 100.0 | 100.0 |   0.3 |   0.3 |   0.4 | 384.1
       Dungeon |  94.2 |  94.2 |   0.3 |   0.3 |   0.4 | 506.4
         Abyss |   5.8 |   5.8 |   0.0 |   0.0 |   0.0 |  78.5
               +-------+-------+-------+-------+-------+----------------------

Table legend:
 A = Kills in this place as a percentage of kills in entire the game.
 B = Kills by you in this place as a percentage of kills by you in the entire game.
 C = Kills by friends in this place as a percentage of kills by friends in the entire game.
 D = Other kills in this place as a percentage of other kills in the entire game.
 E = Experience gained in this place as a percentage of experience gained in the entire game.
 F = Experience gained in this place divided by the number of levels of this place that you have seen.
                   A       B       C       D       E      F
               +-------+-------+-------+-------+-------+----------------------
         Total | 100.0 | 100.0 |  -nan |  -nan | 100.0 | 196.6
       Dungeon |  99.1 |  99.1 |  -nan |  -nan |  85.5 | 235.4
         Abyss |   0.9 |   0.9 |  -nan |  -nan |  14.5 |  99.5
               +-------+-------+-------+-------+-------+----------------------

Vault maps used:
D:1:      evilmike_arrival_run_for_it, st_stairs_13
D:2:      kennysheep_vampire_church, chequers_ecumenical_altar_simple,
          kennysheep_generic_room_15, uniq_terence
D:3:      mrwooster_statue_mirror, minmay_misc_feat_room, grunt_ministairs_10,
          lemuel_tele_altar
D:4:      marbit_many_paths, fedhas_altar_3, nicolae_overflow_hidden_temple,
          minitemple, first_bread
D:5:      serial_shops, nicolae_shop_stone, shop, shop, shop, shop
